 Dungeon Crawl Stone Soup version 0.31-a0-978-g1e143483b6 (webtiles) character file.

Game seed: 12081297357731045652

304 BinkBink the Trooper (level 6, -1/40 HPs)
             Began as a Gargoyle Fighter on Oct 30, 2023.
             Was a Follower of Okawaru.
             Slain by a gnoll
             ... wielding a +0 spear
              (5 damage)
             ... on level 3 of the Dungeon.
             The game lasted 00:02:16 (1700 turns).

BinkBink the Trooper (Gargoyle Fighter)             Turns: 1700, Time: 00:02:17

Health: -1/40      AC: 11    Str: 25    XL:     6   Next: 38%
Magic:  6/6        EV:  8    Int:  9    God:    Okawaru [*.....]
Gold:   72         SH:  8    Dex: 11    Spells: 5/5 levels left

rFire   . . .        a - +0 flail
rCold   . . .        j - +0 kite shield
rNeg    + . .        b - +0 scale mail
rPois   ∞            (no helmet)
rElec   +            (no cloak)
rCorr   .            (no gloves)
SInv    .            (no boots)
Will    .....        (no amulet) Stlth
                     h - +6 ring of strength
HPRegen 0.26/turn    (no ring)
MPRegen 0.10/turn

%: no passive effects
@: no status effects
A: sickness immunity, AC +4, negative energy resistance 1, electricity
resistance, torment resistance 1, petrification resistance
a: Renounce Religion, Heroism


You were on level 3 of the Dungeon.
You worshipped Okawaru.
Okawaru was aware of your devotion.
You visited 1 branch of the dungeon, and saw 4 of its levels.

You collected 72 gold pieces.

Inventory:

Hand Weapons
 a - a +0 flail (weapon)
Armour
 b - a +0 scale mail (worn)
 c - a +0 buckler
 j - a +0 kite shield (worn)
Jewellery
 h - a +6 ring of strength (left hand)
Scrolls
 e - 3 scrolls of amnesia {unknown}
 g - 4 scrolls of identify {unknown}
 k - a scroll of teleportation {unknown}
 m - a scroll of poison {unknown}
 n - a scroll of vulnerability {unknown}
 p - a scroll of enchant weapon {unknown}
 r - a scroll of brand weapon {unknown}
Potions
 d - a potion of might
 f - a potion of invisibility {unknown}
 i - a potion of berserk rage {unknown}
 l - 2 potions of heal wounds {unknown}
 o - a potion of cancellation {unknown}
 q - a potion of brilliance {unknown}
 s - a potion of magic {unknown}
 t - a potion of haste {unknown}


   Skills:
 * Level 5.4 Fighting
 + Level 3.3 Maces & Flails
 + Level 4.5 Armour
 + Level 4.4 Shields


You had 5 spell levels left.
You didn't know any spells.
Your spell library contained the following spells:

 Spells                   Type           Power      Damage    Failure   Level
 Magic Dart               Conj           0%         1d3       88%         1
 Mephitic Cloud           Conj/Pois/Air  0%         N/A       99%         3
 Call Imp                 Summ           Unusable   N/A       N/A         2

Dungeon Overview and Level Annotations

Branches:
Dungeon (4/15)
 Temple: D:4-7

Altars:
Okawaru
Wu Jian


Innate Abilities, Weirdness & Mutations

You are immune to sickness and miasma.
Your stone body is resilient. (AC +4)
You are immune to poison.
You resist negative energy. (rN+)
You are resistant to electric shocks. (rElec)
You are resistant to unholy torment.
You are immune to petrification.


Message History

The gnoll shouts!
A gnoll comes into view. It is wielding a +0 club.
The gnoll hits you with a +0 club.
You hit the gnoll.
The gnoll is moderately wounded.
The gnoll hits you but does no damage. The gnoll hits you with a +0 club.
You barely miss the gnoll.
The gnoll is moderately wounded.
The gnoll closely misses you. The gnoll hits you with a +0 club!
You sock the gnoll!
You kill the gnoll!
Okawaru accepts your kill. The gnoll hits you but does no damage.
You block the gnoll's attack.
You hit the gnoll.
The gnoll is lightly wounded.
The gnoll hits you but does no damage. x2
You sock the gnoll!
You kill the gnoll!
Okawaru accepts your kill.
The gnoll hits you from afar with a +0 spear.
The gnoll hits you but does no damage.
You barely miss the gnoll. The gnoll hits you but does no damage.
The gnoll barely misses you.
You hit the gnoll but do no damage. The gnoll hits you with a +0 spear.
You barely miss the gnoll. The gnoll hits you with a +0 spear.
You closely miss the gnoll. The gnoll hits you with a +0 spear. x2
* * * LOW HITPOINT WARNING * * *
You hit the gnoll.
The gnoll is moderately wounded.
The gnoll hits you with a +0 spear.
* * * LOW HITPOINT WARNING * * *
You hit the gnoll.
The gnoll is severely wounded.
You block the gnoll's attack.
You hit the gnoll.
The gnoll is almost dead.
The gnoll hits you with a +0 spear.
* * * LOW HITPOINT WARNING * * *
The gnoll hits you with a +0 spear.
You die...

#.......###.#
...#.... #.## # ..
#.... #..### ##.#
#... ##...### .#.#
#.. ###...# ...#
#...# .#.# ##...#
.#.# ##)...# ...#
#..@!.# .#.#
#...#g".# ##.#
####...##...# ##.#
#....#. #>..#
#.#####.###.......#
##..##...###.......#
...................#
.#.........#########
...........#


You could see a gnoll.

Vanquished Creatures
  Sigmund (D:2)
  Jessica (D:2)
  An iguana (D:4)
  2 gnolls (D:3)
  2 adders
  A worm (D:3)
  2 dart slugs
  An orc (D:3)
  4 bats
  5 endoplasms
  2 giant cockroaches
  6 goblins
  8 hobgoblins
  4 jackals (D:1)
  4 kobolds
  2 quokkas (D:1)
  11 ball pythons
  3 rats
60 creatures vanquished.

Notes
Turn   | Place    | Note
-------+----------+-------------------------------------------
     0 | D:1      | BinkBink the Gargoyle Fighter began the quest for the Orb.
     0 | D:1      | Reached XP level 1. HP: 14/14 MP: 1/1
    69 | D:1      | Reached XP level 2. HP: 18/19 MP: 2/2
   299 | D:1      | Reached XP level 3. HP: 20/24 MP: 3/3
   702 | D:2      | Reached skill level 4 in Fighting
   789 | D:2      | Found an ornate altar of the Wu Jian Council.
   793 | D:2      | Noticed Jessica
   798 | D:2      | Killed Jessica
   799 | D:2      | Reached XP level 4. HP: 26/29 MP: 4/4
   822 | D:2      | Noticed Sigmund
   830 | D:2      | Killed Sigmund
   831 | D:2      | Reached skill level 5 in Fighting
   831 | D:2      | Reached XP level 5. HP: 35/35 MP: 5/5
   831 | D:2      | Reached XP level 6. HP: 40/40 MP: 6/6
   860 | D:2      | You fall into a shaft and drop 2 floors!
  1175 | D:2      | Found a faded altar of an unknown god.
  1331 | D:2      | Prayed at the altar of an unknown god.
  1331 | D:2      | Became a worshipper of Warmaster Okawaru
  1331 | D:2      | Reached * piety under Okawaru
  1700 | D:3      | Slain by a gnoll

Illustrated notes

Levels and vault maps discovered:
D:1:      beargit_arrival_greenhouse, layout_rooms
D:2:      layout_basic, basic_ecumenical_altar, basic_altar, uniq_jessica,
          uniq_sigmund
D:3:      layout_rooms
D:4:      layout_basic, temple_hall, kennysheep_generic_room_5

Skill      XL: |  1  2  3  4 |
---------------+-------------+-----
Fighting       | 4 5 |  5.4
Maces & Flails | 3 |  3.3
Armour         | 4 |  4.5
Shields        | 4 |  4.4

Action                     |  1- 3 |  4- 6 || total
---------------------------+-------+-------++-------
  Melee: Flail             |    98 |    75 ||   173
 Armour: Scale mail        |    72 |    53 ||   125
  Dodge: Dodged            |    43 |    23 ||    66
  Block: Buckler           |    14 |       ||    14
         Kite shield       |    11 |    33 ||    44

Table legend: (Time is in decaauts)
 A = Elapsed time spent in this place.
 B = Non-inter-level travel time spent in this place.
 C = Inter-level travel time spent in this place.
 D = Time resting spent in this place.
 E = Time spent auto-exploring this place.
 F = Levels seen in this place.
 G = Mean time per level.
                   A        B        C        D        E       F      G
               +--------+--------+--------+--------+--------+-----+--------+
         Total |   1758 |   1674 |     84 |    274 |    977 |   4 |  439.5 |
       Dungeon |   1758 |   1674 |     84 |    274 |    977 |   4 |  439.5 |
               +--------+--------+--------+--------+--------+-----+--------+

Top non-repeatable levels by time:
     D:1: 678 daAuts
     D:2: 573 daAuts
     D:3: 464 daAuts
     D:4: 42 daAuts
